 Dungeon Crawl Stone Soup version bcrawl-1.36.5b (webtiles) character file.

Game seed: 9499558497374542846

226350 Nebesus the Sneak (level 8, -7/68 HPs)
             Began as a Naga Necromancer on Sept 6, 2022.
             Mangled by a black mamba skeleton (9 damage)
             ... on level 5 of the Dungeon.
             The game lasted 00:06:07 (4351 turns).

Nebesus the Sneak (Naga Necromancer)                Turns: 4351, Time: 00:06:08

Health: -7/68      AC:  9    Str: 10    XL:     8   Next: 9%
Magic:  0/13       EV: 20    Int: 17    God:
Gold:   223        SH:  5    Dex: 18    Spells: 5/14 levels left

rFire    . . .     GDR:     29% a - +0 dagger (pain)
rCold    . . .     SeeInvis +   c - +0 buckler
rNeg     . . .     Gourm    .   b - +0 robe
rPois    +         Faith    .   (no helmet)
rElec    .         Spirit   .   m - +1 cloak
rCorr    .         Reflect  .   (no gloves)
MR       +....                  (no barding)
Stlth    +++++.....             (no amulet)
HPRegen  0.21/turn              r - +4 ring of protection
MPRegen  0.13/turn              o - +4 ring of evasion

@: agile, very slightly contaminated, hasted, quick
A: large, tail, swims, see invisible, deformed body, poison resistance, slowness
2, slow metabolism 1, spit poison 1, AC +2
a: Spit Poison


You were on level 5 of the Dungeon.
You were hungry.

You visited 1 branch of the dungeon, and saw 5 of its levels.

You collected 223 gold pieces.

Inventory:

Hand Weapons
 a - a +0 dagger of pain (weapon)
Missiles
 v - a throwing net {=f}
Armour
 b - a +0 robe (worn)
 c - a +0 buckler (worn)
 m - a +1 cloak (worn)
Jewellery
 o - a +4 ring of evasion (right hand)
 p - an uncursed ring of teleportation
 r - a +4 ring of protection (left hand)
Scrolls
 d - 3 scrolls of remove curse
 f - a scroll of magic mapping
 h - a scroll of amnesia {unknown}
 i - a scroll of noise {unknown}
 j - a scroll of enchant armour
 k - 2 scrolls of teleportation {unknown}
 s - 2 scrolls of fear {unknown}
 u - 2 scrolls of fog
 x - a scroll of enchant weapon {unknown}
Potions
 l - a potion of mutation {unknown}
 n - a potion of degeneration {unknown}
 t - a potion of haste
Comestibles
 e - 8 rations {!d}
 w - 3 chunks of flesh


   Skills:
 + Level 2.8 Fighting
 + Level 4.0 Dodging
 + Level 6.5 Stealth
 + Level 0.1 Shields
 + Level 3.9 Spellcasting
 + Level 6.2 Necromancy


You had 5 spell levels left.
You knew the following spells:

 Your Spells              Type           Power        Failure   Level  Hunger
a - Vampiric Draining     Necr           ###.......   7%          3    ###....
b - Necrotize             Necr           ###...       2%          1    None
c - Dispel Undead         Necr           ###.....     52%         5    ######.

Your spell library contained the following spells:

 Spells                   Type           Power        Failure   Level  Hunger
 Agony                    Necr           ###.....     22%         4    #####..
 Animate Dead             Necr           N/A          22%         4    #####..
 Confuse                  Hex            #.......     65%         3    ###....
 Dazzling Orbs            Conj/Hex       #......      65%         3    ###....
 Petrify                  Tmut/Erth      #.........   96%         4    #####..
 Yara's Violent Unravell  Hex/Tmut       #.........   96%         4    #####..
 Metabolic Englaciation   Hex/Ice        #.........   100%        5    ######.
 Mana Rupture             Conj/Hex       #.........   100%        7    #######


Dungeon Overview and Level Annotations

Branches:
Dungeon (5/12)
 Temple: D:4-7

Altars:
Gozag
Trog
Zin


Innate Abilities, Weirdness & Mutations

You cannot wear boots.
You can swim through water.
Your serpentine skin is tough. (AC +2)
You have supernaturally acute eyesight. (SInv)
Armour fits poorly on your strangely shaped body.
Your system is resistant to poisons. (rPois)
You cover ground very slowly.
You have a slow metabolism.
You can spit poison.


Message History

The black mamba skeleton bites you.
* * * LOW HITPOINT WARNING * * *
The black mamba skeleton bites you but does no damage.
The black mamba skeleton closely misses you.
The ogre shouts!
You block the black mamba skeleton's attack.
The black mamba skeleton bites you but does no damage.
The black mamba skeleton barely misses you.
Casting: Dispel Undead (very dangerous; 52% risk of failure)
Confirm with . or Enter, or press ? or * to list all spells.
The spell is very dangerous to cast (52% risk of failure)!
Continue anyway?
Aiming: Dispel Undead (very dangerous; 52% risk of failure)
Press: ? - help, Shift-Dir - straight line, f/p - black mamba skeleton
Aim: a black mamba skeleton (moderately damaged)
The black mamba skeleton is dispelled!!
The black mamba skeleton bites you but does no damage. x2
Unknown command.
It was a potion of haste.
You feel yourself speed up. The black mamba skeleton misses you.
The black mamba skeleton bites you!
You die...

### #.. ####### #.#
#.....# #># #.....# #.#
#.....# #.# #.....#
#.##### #@....###.....#
#Z............#
#.#.##.#####..# #.#.##.###
#..# ####...O.....##..####
#....>....#..........
#......#..#..#.#.#....###.
#.#.#..#.........#....###.
#.......#..#O#####......


You could see an ogre and a black mamba skeleton.

Vanquished Creatures
  A hippogriff (D:4)
  2 ogres (D:4)
  2 scorpions (D:4)
  An orc priest (D:3)
  A howler monkey (D:2)
  A hound (D:4)
  A jelly (D:4)
  3 orc wizards
  A worker ant (D:4)
  3 adders
  An adder zombie (D:5)
  An ooze (D:2)
  An adder skeleton (D:4)
  3 worms
  2 dart slugs
  2 leopard geckos (D:1)
  20 orcs
  A giant cockroach (D:4)
  6 hobgoblins
  4 jackals (D:1)
  9 kobolds
  2 quokkas
  3 ball pythons
  17 bats
  3 frilled lizards
  6 goblins
  7 rats
104 creatures vanquished.

Vanquished Creatures (collateral kills)
  An adder (D:3)
  A leopard gecko (D:1)
  An orc (D:4)
  A rat (D:1)
4 creatures vanquished.

Vanquished Creatures (others)
  An orc wizard (D:4)
1 creature vanquished.

Grand Total: 109 creatures vanquished

Notes
Turn   | Place    | Note
-------+----------+-------------------------------------------
     0 | D:1      | Nebesus the Naga Necromancer began the quest for the Orb.
     0 | D:1      | Reached XP level 1. HP: 15/15 MP: 3/3
   206 | D:1      | Reached XP level 2. HP: 8/22 MP: 3/5
   699 | D:1      | Reached XP level 3. HP: 28/28 MP: 6/6
   703 | D:1      | Learned a level 3 spell: Vampiric Draining
  1253 | D:2      | Reached XP level 4. HP: 22/37 MP: 3/7
  1459 | D:2      | Found a glowing silver altar of Zin.
  1952 | D:2      | Reached skill level 1 in Fighting
  2131 | D:2      | Reached skill level 5 in Necromancy
  2131 | D:2      | Reached XP level 5. HP: 26/44 MP: 1/8
  2606 | D:3      | Found a faded altar of an unknown god.
  2849 | D:3      | Reached skill level 5 in Stealth
  2854 | D:3      | HP: 2/44 [adder (4)]
  3196 | D:4      | Reached XP level 6. HP: 52/52 MP: 10/10
  3202 | D:4      | Learned a level 5 spell: Dispel Undead
  3242 | D:4      | Found an opulent altar of Gozag.
  3395 | D:4      | Noticed a hippogriff
  3414 | D:4      | Killed a hippogriff
  3415 | D:4      | Reached XP level 7. HP: 7/61 MP: 1/12
  3758 | D:4      | Found a bloodstained altar of Trog.
  4014 | D:4      | Reached XP level 8. HP: 56/68 MP: 13/13
  4210 | D:5      | Entered Level 5 of the Dungeon
  4345 | D:5      | HP: 1/68 [black mamba skeleton (5)]
  4351 | D:5      | Mangled by a black mamba skeleton

Skill      XL: |  1  2  3  4  5  6  7  8 |
---------------+-------------------------+-----
Stealth        | 4 5 6 |  6.5
Dodging        | 2 3 4 |  4.0
Fighting       | 1 2 |  2.8
Necromancy     | 5 6 |  6.2
Spellcasting   | 3 |  3.9
Shields        | |  0.1

Action                   |  1- 3 |  4- 6 |  7- 9 || total
-------------------------+-------+-------+-------++-------
Melee: Dagger            |    71 |   154 |   114 ||   339
 Cast: Necrotize         |     7 |     4 |     2 ||    13
       Vampiric Draining |     5 |    11 |     1 ||    17
       Dispel Undead     |       |       |     2 ||     2
 Abil: Spit Poison       |     2 |     5 |     1 ||     8
  Use: Scroll            |       |     2 |     2 ||     4
       Potion            |       |       |     6 ||     6
 Stab: Sleeping          |     6 |     6 |     1 ||    13
  Eat: Chunk             |     2 |    13 |     6 ||    21
Armor: Robe              |    19 |    67 |    32 ||   118
       Skin              |       |       |    13 ||    13
Dodge: Dodged            |    51 |   147 |    80 ||   278
Block: Buckler           |       |       |    18 ||    18
